 Dungeon Crawl Stone Soup version 0.19.5 (webtiles) character file.

452 spiff the Sneak (level 7, -14/66 HPs)
             Began as a Naga Warper on Mar 30, 2017.
             Demolished by an ogre
             ... wielding a +0 giant spiked club
              (18 damage)
             ... on level 4 of the Dungeon.
             The game lasted 00:12:14 (3910 turns).

spiff the Sneak (Naga Warper)                       Turns: 3910, Time: 00:12:15

Health: -14/66     AC:  4    Str: 13    XL:     7   Next: 4%
Magic:  10/10      EV:  9    Int: 14    God:
Gold:   177        SH:  0    Dex: 14    Spells: 3 memorised, 3 levels left

rFire  . . .     SeeInvis +     s - +1 morningstar (freeze)
rCold  . . .     Gourm    .     b - +0 leather armour
rNeg   . . .     Faith    .     (no shield)
rPois  +         Spirit   .     (no helmet)
rElec  .         Reflect  .     (no cloak)
rCorr  .         Harm     .     j - +0 pair of gloves
MR     +....                    (no barding)
Stlth  +++.......               (no amulet)
                                r - +2 ring of dexterity
                                q - ring of protection from magic

@: very slow
A: see invisible, deformed body, poison resistance, slowness 2, slow metabolism
1, spit poison 1, AC +2
a: Spit Poison


You were on level 4 of the Dungeon.
You were not hungry.

You visited 1 branch of the dungeon, and saw 4 of its levels.

You collected 177 gold pieces.

Inventory:

Hand Weapons
 a - a +0 mace
 s - a +1 morningstar of freezing (weapon)
Missiles
 e - 2 tomahawks of dispersal (quivered)
 u - 2 throwing nets
Armour
 b - a +0 leather armour (worn)
 j - a +0 pair of gloves (worn)
Jewellery
 k - an uncursed ring of flight
 q - a ring of protection from magic (left hand)
 r - a +2 ring of dexterity (right hand)
Wands
 v - a wand of polymorph (17/24)
 x - a wand of random effects (21/48)
Scrolls
 d - 3 scrolls of blinking
 g - 6 scrolls of identify {unknown}
 l - 2 scrolls of teleportation
 p - 2 scrolls of remove curse
 z - a scroll of recharging {unknown}
 D - a scroll of enchant armour {unknown}
Potions
 h - 2 potions of curing {unknown}
 m - a potion of lignification {unknown}
 o - a potion of heal wounds
 t - a potion of magic {unknown}
 w - 2 potions of mutation {unknown}
 A - 3 potions of flight {unknown}
Books
 c - a book of Spatial Translocations

   Spells                             Type                      Level
   a - Blink                          Translocation                2
   b - Shroud of Golubria             Charms/Translocation         2
   c - Lesser Beckoning               Translocation                3
   d - Portal Projectile              Translocation                3
   e - Teleport Other                 Translocation                3
   f - Passage of Golubria            Translocation                4
 y - a book of Callings

   Spells                             Type                      Level
   a - Summon Small Mammal            Summoning                    1
   b - Call Imp                       Summoning                    2
   c - Call Canine Familiar           Summoning                    3
   d - Summon Guardian Golem          Hexes/Summoning              3
   e - Summon Lightning Spire         Summoning/Air                4
   f - Summon Ice Beast               Ice/Summoning                4
 C - a book of Changes

   Spells                             Type                      Level
   a - Beastly Appendage              Transmutation                1
   b - Sticks to Snakes               Transmutation                2
   c - Spider Form                    Transmutation/Poison         3
   d - Ice Form                       Ice/Transmutation            4
   e - Blade Hands                    Transmutation                5
Comestibles
 f - 4 bread rations
 i - 2 meat rations
 n - 2 beef jerkies
 B - 3 chunks of flesh
 E - a slice of pizza


   Skills:
 + Level 4.3 Fighting
 + Level 4.2 Maces & Flails
 - Level 0.8 Throwing
 - Level 0.7 Armour
 - Level 1.5 Dodging
 - Level 6.0 Stealth
 + Level 2.3 Spellcasting
 + Level 3.1 Translocations


You had 3 spell levels left.
You knew the following spells:

 Your Spells              Type           Power        Failure   Level  Hunger
a - Shroud of Golubria    Chrm/Tloc      #.........   24%         2    ###....
b - Blink                 Tloc           N/A          14%         2    ###....
c - Lesser Beckoning      Tloc           ##........   28%         3    ###....


Dungeon Overview and Level Annotations

Branches:
Dungeon (4/15)
 Temple: D:4-7

Altars:
Fedhas
Sif Muna
Trog

Annotations:
D:4 Blork the orc


Innate Abilities, Weirdness & Mutations

You cannot wear boots.
Your serpentine skin is tough. (AC +2)
You have supernaturally acute eyesight. (SInv)
Armour fits poorly on your strangely shaped body.
Your system is resistant to poisons. (rPois)
You cover ground very slowly.
You have a slow metabolism.
You can spit poison.


Message History

Press: ? - help, Shift-Dir - straight line, f/p - ogre
Aim: an ogre, wielding a giant spiked club (lightly wounded, poisoned)
You throw a tomahawk of dispersal.
The tomahawk of dispersal completely misses the ogre.
The ogre misses you.
Throwing (i - inventory. (,) - cycle):
e - 4 tomahawks of dispersal (quivered)
Press: ? - help, Shift-Dir - straight line, f/p - ogre
Aim: an ogre, wielding a giant spiked club (moderately wounded, poisoned)
You throw a tomahawk of dispersal.
The tomahawk of dispersal barely misses the ogre.
You have got your breath back.
Throwing (i - inventory. (,) - cycle):
e - 3 tomahawks of dispersal (quivered)
Press: ? - help, Shift-Dir - straight line, f/p - ogre
Aim: an ogre, wielding a giant spiked club (moderately wounded, poisoned)
You throw a tomahawk of dispersal.
The tomahawk of dispersal hits the ogre but does no damage.
The ogre is moderately wounded.
The ogre looks more healthy.
The ogre hits you with a giant spiked club!!
You die...

#........... #.
##..###.####
.?..o... #.## #.#
# ######## #.#
#.# .#
##.####.######..#
#...............#
#..###...#......
#..# ###....###.
#..# ##@#.# #.
...# #O........
#. ###.#
#..#.#.... #. #.#
...#.# ... #. #.
..... # . #.
#...## #########.
#... .........
.... ..# ##. #.#
#..


You could see an ogre.

Vanquished Creatures
  Sigmund (D:2)
  Terence (D:2)
  A worker ant (D:4)
  Natasha (thrice) (D:2)
  A hound skeleton (D:4)
  3 gnolls (D:2)
  5 adders
  3 oozes (D:2)
  3 worms
  3 dart slugs
  A leopard gecko (D:2)
  4 orcs (D:3)
  3 ball pythons
  6 giant cockroaches
  5 goblins
  6 hobgoblins
  9 kobolds
  A quokka (D:4)
  4 bats
  5 frilled lizards
  9 rats
77 creatures vanquished.

Notes
Turn   | Place    | Note
-------+----------+-------------------------------------------
     0 | D:1      | spiff the Naga Warper began the quest for the Orb.
     0 | D:1      | Reached XP level 1. HP: 19/19 MP: 3/3
   306 | D:1      | Reached skill level 1 in Stealth
   493 | D:1      | Reached XP level 2. HP: 26/27 MP: 5/5
   721 | D:1      | Learned a level 2 spell: Blink
   724 | D:1      | Learned a level 2 spell: Shroud of Golubria
   754 | D:2      | Found a blossoming altar of Fedhas.
   901 | D:2      | Noticed Terence
  1034 | D:1      | Reached skill level 2 in Stealth
  1110 | D:2      | Reached XP level 3. HP: 33/33 MP: 3/6
  1176 | D:2      | Killed Terence
  1176 | D:2      | Reached skill level 3 in Stealth
  1390 | D:2      | Reached XP level 4. HP: 40/40 MP: 7/7
  1417 | D:2      | Noticed Sigmund
  1440 | D:2      | Killed Sigmund
  1440 | D:2      | Reached skill level 5 in Stealth
  1440 | D:2      | Reached XP level 5. HP: 29/50 MP: 8/8
  1450 | D:2      | Reached XP level 6. HP: 35/57 MP: 9/9
  1597 | D:2      | Learned a level 3 spell: Lesser Beckoning
  1755 | D:2      | Noticed Natasha
  1759 | D:2      | Killed Natasha
  1810 | D:2      | Noticed Natasha
  1833 | D:2      | Killed Natasha
  1881 | D:2      | Noticed Natasha
  1893 | D:2      | Killed Natasha
  2330 | D:2      | Found a deep blue altar of Sif Muna.
  2549 | D:2      | Reached skill level 6 in Stealth
  3766 | D:4      | Reached XP level 7. HP: 59/66 MP: 10/10
  3782 | D:4      | Noticed Blork the orc
  3842 | D:4      | Found a bloodstained altar of Trog.
  3907 | D:4      | HP: 3/66 [ogre/giant spiked club (28)]
  3910 | D:4      | Demolished by an ogre

Skill      XL: |  1  2  3  4  5  6 |
---------------+-------------------+-----
Stealth        | 1 2 3 5 6 |  6.0
Fighting       | 3 4 |  4.3
Maces & Flails | 3 4 |  4.2
Throwing       | |  0.8
Armour         | |  0.7
Dodging        | |  1.5
Spellcasting   | |  2.3
Translocations | |  3.1

Action                   |  1- 3 |  4- 6 |  7- 9 || total
-------------------------+-------+-------+-------++-------
Melee: Mace              |    75 |       |       ||    75
       Morningstar       |     4 |   127 |     8 ||   139
Throw: Tomahawk          |       |       |     3 ||     3
 Cast: Shroud of Golubri |     5 |       |       ||     5
 Abil: Spit Poison       |     3 |     9 |     1 ||    13
  Use: Scroll            |       |     4 |       ||     4
 Stab: Distracted        |       |     2 |       ||     2
       Sleeping          |       |     8 |     1 ||     9
  Eat: Chunk             |     1 |     7 |     1 ||     9
Armor: Leather armour    |    35 |    19 |     3 ||    57
Dodge: Dodged            |    56 |    62 |     5 ||   123
